 Dungeon Crawl Stone Soup version 0.28-a0-1286-g6bde065e89 (webtiles) character file.

Game seed: 14656381472903747603

78 jbasstz the Skirmisher (level 4, -2/49 HPs)
             Began as an Ogre Berserker on Dec 22, 2021.
             Was a Believer of Trog.
             Killed from afar by Ijyb (3 damage)
             ... with a puff of flame
             ... on level 3 of the Dungeon on Dec 26, 2021.
             The game lasted 00:08:18 (2261 turns).

jbasstz the Skirmisher (Ogre Berserker)             Turns: 2261, Time: 00:08:19

Health: -2/49      AC:  3    Str: 23    XL:     4   Next: 36%
Magic:  4/4        EV: 10    Int:  8    God:    Trog [**....]
Gold:   120        SH:  0    Dex:  8    Spells: 3/3 levels left

rFire   + . .      SeeInvis .   a - +0 hand axe
rCold   x . .      Faith    .   (no shield)
rNeg    . . .      Spirit   .   b - +0 animal skin
rPois   +          Reflect  .   (helmet restricted)
rElec   .          Harm     .   (no cloak)
rCorr   .          Rampage  .   (gloves unavailable)
Will    .....                   (boots unavailable)
Stlth   +.........              (no amulet)
HPRegen 0.16/turn               d - ring of poison resistance
MPRegen 0.09/turn               g - ring of fire

@: no status effects
A: large, unfitting armour, tough skin 1
a: Renounce Religion, Berserk, Trog's Hand


You were on level 3 of the Dungeon.
You worshipped Trog.
Trog was pleased with you.
You visited 1 branch of the dungeon, and saw 3 of its levels.

You collected 120 gold pieces.

Inventory:

Hand Weapons
 a - a +0 hand axe (weapon)
Armour
 b - a +0 animal skin (worn)
Jewellery
 d - a ring of poison resistance (left hand)
 g - a ring of fire (right hand)
 j - a ring of resist corrosion
Scrolls
 c - 4 scrolls of identify {unknown}
 e - a scroll of magic mapping {unknown}
 f - a scroll of teleportation {unknown}
 h - a scroll of blinking {unknown}
 k - a scroll of enchant armour {unknown}
 l - a scroll of silence {unknown}
 m - a scroll of torment {unknown}
Potions
 i - 2 potions of brilliance {unknown}


   Skills:
 + Level 4.8 Fighting
 + Level 3.9 Axes
 + Level 3.4 Dodging


You had 3 spell levels left.
You didn't know any spells.
Your spell library contained the following spells:

 Spells                   Type           Power      Damage    Failure   Level
 Foxfire                  Conj/Fire      0%         2x1d4     41%         1
 Conjure Flame            Conj/Fire      0%         6-21      78%         3
 Inner Flame              Hex/Fire       0%         N/A       78%         3
 Flame Wave               Conj/Fire      0%         2d4       99%         4
 Olgreb's Toxic Radiance  Pois           0%         N/A       99%         4
 Eringya's Noxious Bog    Tmut/Pois      0%         N/A       100%        6
 Simulacrum               Ice/Necr       0%         N/A       100%        6


Dungeon Overview and Level Annotations

Branches:
Dungeon (3/15)

Altars:
Trog

Annotations:
D:3 Ijyb


Innate Abilities, Weirdness & Mutations

You are too large for most types of armour.
You have tough skin. (AC +1)


Message History

You hit Ijyb but do no damage.
Ijyb is lightly wounded.
Ijyb hits you with a +0 club.
You hit Ijyb.
Ijyb is moderately wounded.
Ijyb hits you with a +0 club.
You closely miss Ijyb.
Ijyb is moderately wounded.
Ijyb screams, "It's all mine!"
Ijyb hits you with a +0 club.
You barely miss Ijyb.
Ijyb is moderately wounded.
Ijyb zaps a wand.
The puff of flame hits you. You resist.
You closely miss Ijyb.
Ijyb is moderately wounded.
Ijyb screams, "Me stronger than you!" Ijyb closely misses you.
You hit Ijyb but do no damage.
Ijyb is moderately wounded.
Ijyb misses you. Ijyb hits you with a +0 club.
You hit Ijyb but do no damage.
Ijyb is moderately wounded.
Ijyb closely misses you.
You hit Ijyb.
Ijyb is heavily wounded.
Ijyb hits you with a +0 club.
You barely miss Ijyb.
Ijyb is heavily wounded.
Ijyb hits you with a +0 club.
* * * LOW HITPOINT WARNING * * *
You barely miss Ijyb.
Ijyb is heavily wounded.
Ijyb zaps a wand.
The puff of flame hits you. You resist.
* * * LOW HITPOINT WARNING * * *
Ijyb zaps a wand.
The puff of flame hits you. You resist.
* * * LOW HITPOINT WARNING * * *
Ijyb zaps a wand.
The puff of flame hits you. You resist.
* * * LOW HITPOINT WARNING * * *
Ijyb zaps a wand.
The puff of flame hits you. You resist.
You die...

#.......# #.......##
#.. #........# #.#
#........# #.# #####
#........###.#
#...#########.#..##.#
##.#...## #..#.##.#
#..###..#######.#.##.#
# # #.##
##.......@..g...#.##
###.#
##..........##....#
.##.###
#..........#........#
......#
#..........#).......#
...##..#
#####.##..##........#
.### #.#
#..###.##........# ##
..# #.## #..##.#######
# .# #. ##.##.# # .
..#


You could see Ijyb.

Vanquished Creatures
  Terence (D:2)
  2 adders
  A dart slug (D:1)
  2 bats
  5 giant cockroaches
  5 goblins
  5 hobgoblins
  4 kobolds (D:1)
  2 quokkas (D:2)
  2 ball pythons
  3 rats
32 creatures vanquished.

Notes
Turn   | Place    | Note
-------+----------+-------------------------------------------
     0 | D:1      | jbasstz the Ogre Berserker began the quest for the Orb.
     0 | D:1      | Reached XP level 1. HP: 24/24 MP: 1/1
    64 | D:1      | Reached XP level 2. HP: 17/32 MP: 2/2
  1083 | D:2      | Reached XP level 3. HP: 40/40 MP: 3/3
  1100 | D:2      | Found a faded altar of an unknown god.
  1274 | D:2      | Noticed Terence
  1329 | D:2      | Upgraded the game from 0.28-a0-1227-ga9037bb4c8 to
                  | 0.28-a0-1286-g6bde065e89
  1374 | D:2      | Killed Terence
  1375 | D:2      | Reached XP level 4. HP: 3/49 MP: 4/4
  1756 | D:2      | Reached ** piety under Trog
  1831 | D:2      | Got Sif Muna's Almanac of Toxins and Evil Magic
  1835 | D:2      | Found a bloodstained altar of Trog.
  2239 | D:3      | Noticed Ijyb
  2259 | D:3      | HP: 1/49 [Ijyb/puff of flame (4)]
  2261 | D:3      | Killed from afar by Ijyb

Illustrated notes

Levels and vault maps discovered:
D:1:      heliophobic_arrival_henge, layout_basic
D:2:      layout_basic, hellmonk_ecumenical_altar_zigzags, basic_altar,
          kennysheep_generic_room_13, uniq_terence
D:3:      layout_rooms, minmay_close_crescents, uniq_ijyb

Skill      XL: |  1  2 |
---------------+-------+-----
Dodging        | 3 |  3.4
Fighting       | |  4.8
Axes           | |  3.9

Action                   |  1- 3 |  4- 6 || total
-------------------------+-------+-------++-------
Melee: Hand axe          |    92 |    35 ||   127
Armor: Animal skin       |    29 |     5 ||    34
Dodge: Dodged            |    51 |    15 ||    66

Table legend: (Time is in decaauts)
 A = Elapsed time spent in this place.
 B = Non-inter-level travel time spent in this place.
 C = Inter-level travel time spent in this place.
 D = Time resting spent in this place.
 E = Time spent auto-exploring this place.
 F = Levels seen in this place.
 G = Mean time per level.
                   A        B        C        D        E       F      G
               +--------+--------+--------+--------+--------+-----+--------+
         Total |   2275 |   2275 |      0 |    428 |   1321 |   3 |  758.3 |
       Dungeon |   2275 |   2275 |      0 |    428 |   1321 |   3 |  758.3 |
               +--------+--------+--------+--------+--------+-----+--------+

Top non-repeatable levels by time:
     D:1: 1076 daAuts
     D:2: 1053 daAuts
     D:3: 146 daAuts
